Unix NetHack Version 3.7.0-101 Work-in-progress - last build Mar 25 2024 11:18:41 (462964f8eaac915e699fc3a71b43428251fec12b,branch:master). Game began 2024-03-26 13:48:41, ended 2024-03-26 13:57:44. elenmirie, neutral female gnomish Archeologist -- -- ---- |..... --...--- --- ...........----.- . ............. *- -. .........- ...| ...-....G..| ....-- -.Z.......----.......| --------.....f.@h.....- ..| --- |......h.................-- |...d....G....................--- - |.......-...................:.| --....................--......| |..................--- ..- ... |.....---<.....--.-- .---- --.. - |.>.---- .. --- ----- .. -#- Elenmirie the Digger St:14 Dx:8 Co:11 In:18 Wi:14 Ch:10 Neutral Dlvl:3 $:18 HP:0(16) Pw:8(8) AC:8 Xp:2/25 T:1032 Latest messages: You miss the goblin. The goblin hits! You kill the goblin! Welcome to experience level 2. Coco bites the grid bug. The grid bug is killed! You kill the newt! $ - 9 gold pieces (18 in total). You swap places with Coco. The door resists! The door resists! The door resists! The door resists! The door opens. You kill the grid bug! Coco bites the jackal. The jackal misses Coco. Coco misses the jackal. You swap places with Coco. The jackal just misses! You miss the jackal. The jackal bites! You miss the jackal. The jackal bites! You kill the jackal! You see here a jackal corpse. You descend the stairs. The hobbit wields a sling! The hobbit shoots a rock! You are hit by a rock. The hobbit shoots a rock! You are hit by a rock. You hear crashing rock. The dwarf wields a pick-axe. You swap places with the peaceful gnome. Coco bites the gnome. The gnome hits Coco. Coco bites the gnome. The gnome is killed! The hobbit swings his sling. The hobbit hits! You lash the hobbit. The hobbit swings his sling. The hobbit hits! You die... Do you want your possessions identified? [ynq] (y) y Do you want to see your attributes? [ynq] (y) y Do you want an account of creatures vanquished? [ynaq] (y) y Do you want to see your conduct and achievements? [ynq] (y) y Do you want to see the dungeon overview? [ynq] (y) y Inventory: Coins $ - 18 gold pieces Amulets r - an uncursed amulet versus poison (being worn) Weapons a - an uncursed +2 bullwhip (weapon in right hand) Armor c - an uncursed +0 fedora (being worn) j - a blessed +0 pair of low boots (being worn) b - an uncursed +0 leather jacket (being worn) Comestibles d - 6 uncursed food rations o - an uncursed lembas wafer Rings s - a cursed ring of aggravate monster k - an uncursed ring of polymorph control l - an uncursed ring of protection from shape changers q - an uncursed ring of see invisible Tools w - an uncursed sack containing 2 items i - an uncursed oil lamp e - an uncursed +0 pick-axe (alternate weapon; not wielded) t - an uncursed tinning kit (0:49) Gems/Stones g - an uncursed touchstone Contents of the sack: an uncursed scroll of amnesia a cursed potion of blindness Elenmirie the Archeologist's attributes: Background: You were a Digger, a level 2 female gnomish Archeologist. You were neutral, nominally on a mission for Camaxtli who was opposed by Quetzalcoatl (lawful) and Huhetotl (chaotic). You were right-handed. You were in the Gnomish Mines, on level 3. You entered the dungeon 1032 turns ago. There was a full moon in effect when your adventure ended. You had 25 experience points, 15 more were needed to attain level 3. Basics: You had 0 out of 16 hit points. You had all 8 energy points (spell power). Your armor class was 8. Your wallet contained 18 zorkmids. Autopickup was on for '$' plus thrown. Final Characteristics: Your strength was 14 (limit:18/50). Your dexterity was 8 (limit:18). Your constitution was 11 (limit:18). Your intelligence was 18 (limit:19). Your wisdom was 14 (limit:18). Your charisma was 10 (limit:18). Final Status: You weren't hungry. You were unencumbered. You were wielding a whip. You had basic skill with whip. Final Attributes: You were devoutly aligned. You were poison resistant. You had automatic searching. You had infravision. You were lucky. You are dead. Miscellaneous: You never encountered a bones level. Total elapsed playing time was 9 minutes and 3 seconds. Major events: Turn 1: elenmirie the neutral female gnomish Archeologist entered the dungeon 1015: entered the Gnomish Mines 1032: killed by a hobbit Vanquished creatures: a gnome 5 jackals 2 foxes a kobold a goblin 3 grid bugs a lichen a kobold zombie 2 newts 17 creatures vanquished. No species were genocided or became extinct. Voluntary challenges: You were an atheist. You were illiterate. You never engraved Elbereth. You never genocided any monsters. You never polymorphed an object. You never changed form. You used no wishes. Achievement: You entered the Gnomish Mines. The Dungeons of Doom: levels 1 to 3 Level 1: Level 2: Stairs down to The Gnomish Mines. Level 3: The Gnomish Mines: Level 3: <- You were here. Final resting place for you, killed by a hobbit. Game over: ---------- / \ / REST \ / IN \ / PEACE \ / \ | elenmirie | | 18 Au | | killed by a | | hobbit | | | | | | 2024 | *| * * * | * _________)/\\_//(\/(/\)/\//\/|_)_______ Goodbye elenmirie the Archeologist... You died in The Gnomish Mines on dungeon level 3 with 217 points, and 18 pieces of gold, after 1032 moves. You were level 2 with a maximum of 16 hit points when you died.